 Dungeon Crawl Stone Soup version 0.30-a0-134-gb40fab5c76 (webtiles) character file.

Game seed: 11520694533169996949

8327 bande the Cleaver (level 11, -5/94 HPs)
             Began as a Hill Orc Fighter on Sept 20, 2022.
             Was an Elder of Beogh.
             Slain by Gastronok (20 damage)
             ... on level 1 of the Lair of Beasts.
             The game lasted 00:23:49 (15064 turns).

bande the Cleaver (Hill Orc Fighter)               Turns: 15064, Time: 00:23:50

Health: -5/94      AC: 15    Str: 20    XL:     11   Next: 29%
Magic:  0/17       EV:  8    Int:  5    God:    Beogh [****..]
Gold:   500        SH:  0    Dex: 14    Spells: 10/10 levels left

rFire   . . .      SeeInvis .    I - +5 war axe
rCold   + . .      Faith    .    B - +0 kite shield
rNeg    . . .      Spirit   +    G - +5 scale mail of Sicooxuleu {rPois rC+ rCorr Int-3}
rPois   +          Reflect  .    (no helmet)
rElec   .          Harm     .    (no cloak)
rCorr   +          Rampage  .    D - +0 pair of gloves
Will    .....                    (no boots)
Stlth   ..........               h - amulet of guardian spirit
HPRegen 0.25/turn                e - ring of flight
MPRegen 0.15/turn                r - +4 ring of slaying

@: confused, mighty, ambrosia-drunk, flying, slowed, very slow
A: no striking features
a: Renounce Religion, Smiting, Recall Orcish Followers


You were on level 1 of the Lair of Beasts.
You worshipped Beogh.
Beogh was greatly pleased with you.
You visited 2 branches of the dungeon, and saw 12 of its levels.

You collected 500 gold pieces.

Inventory:

Hand Weapons
 y - a +1 vorpal war axe
 H - a +1 flail of protection
 I - a +5 war axe (weapon)
Armour
 b - a +0 chain mail of fire resistance
 B - a +0 kite shield (worn)
 D - a +0 pair of gloves (worn)
 G - the +5 scale mail of Sicooxuleu (worn) {rPois rC+ rCorr Int-3}
   (You found it on level 10 of the Dungeon)

   Int:       It affects your intelligence (-3).
   rC:        It protects you from cold.
   rPois:     It protects you from poison.
   rCorr:     It protects you from acid and corrosion.
Jewellery
 c - the ring of Isoat {rCorr SInv}
   (You found it on level 9 of the Dungeon)

   [ring of resist corrosion]

   SInv:      It lets you see invisible.
   rCorr:     It protects you from acid and corrosion.
 e - a ring of flight (left hand)
 f - a +6 ring of strength
 g - an amulet of magic regeneration
 h - an amulet of guardian spirit (around neck)
 o - a ring of wizardry
 r - a +4 ring of slaying (right hand)
 v - a ring of positive energy
 E - a +6 ring of strength
 K - a ring of positive energy
Wands
 j - a wand of digging (4)
 n - a wand of iceblast (9)
 u - a wand of flame (51)
 A - a wand of acid (14)
 F - a wand of polymorph (9)
Scrolls
 a - 2 scrolls of fear
 p - 2 scrolls of identify
 w - 3 scrolls of magic mapping
 x - a scroll of blinking
 z - 7 scrolls of teleportation
 C - 2 scrolls of amnesia
Potions
 d - 3 potions of might
 i - a potion of mutation
 k - 2 potions of ambrosia
 l - 4 potions of curing
 m - 3 potions of resistance
 q - 3 potions of magic
 s - 3 potions of cancellation
 t - 2 potions of haste
 J - a potion of brilliance


   Skills:
 + Level 7.9 Fighting
 + Level 12.9 Axes
 + Level 9.7 Armour
 + Level 6.1 Shields
 * Level 8.0 Invocations
 * Level 6.1 Evocations


You had 10 spell levels left.
You didn't know any spells.
Your spell library contained the following spells:

 Spells                   Type           Power      Damage    Failure   Level
 Shock                    Conj/Air       0%         1d3       98%         1
 Cigotuvi's Dreadful Rot  Necr/Pois/Air  0%         N/A       99%         2
 Ensorcelled Hibernation  Hex/Ice        0%         N/A       99%         2
 Passwall                 Tmut/Erth      0%         N/A       99%         2
 Poisonous Vapours        Pois/Air       0%         N/A       99%         2
 Call Canine Familiar     Summ           0%         N/A       100%        3
 Ignite Poison            Fire/Tmut/Pois 0%         N/A       100%        3
 Portal Projectile        Hex/Tloc       0%         N/A       100%        3
 Swiftness                Air            0%         N/A       100%        3
 Airstrike                Air            0%         2d(0-16)  100%        4
 Leda's Liquefaction      Hex/Erth       0%         N/A       100%        4
 Sticky Flame             Conj/Fire      0%         2d3       100%        4
 Borgnjor's Revivificati  Necr           0%         N/A       100%        8
 Necromutation            Tmut/Necr      0%         N/A       100%        8
 Death's Door             Necr           0%         N/A       100%        9


Dungeon Overview and Level Annotations

Branches:
Dungeon (11/15)            Temple (0/1) D:7            Lair (1/5) D:11
    Orc (0/2) D:11

Altars:
Elyvilon
Gozag
Sif Muna
Trog
Uskayaw
Xom
The Shining One
Beogh

Shops:
D:6 (:   D:10 *

Portals:
Ice
Cave: Lair:1

Annotations:
D:8 2 transporters
D:10 3 runed translucent doors, Redcow54321's ghost, journeyman TrFi
Lair:1 Gastronok


Message History

Unknown command.
You slash Gastronok!
Gastronok is lightly wounded.
Gastronok bites you!!
* * * LOW HITPOINT WARNING * * *
You slice Gastronok!!
Gastronok is moderately wounded.
Gastronok bites you but does no damage.
Unknown command.
You slash Gastronok!
Gastronok is moderately wounded.
Unknown command.
You slice Gastronok!!
Gastronok is heavily wounded.
You block Gastronok's attack.
You slice Gastronok!!
Gastronok is severely wounded.
Gastronok waves his eye-stalks in wide circles.
The air twists around and strikes you!!
* * * LOW HITPOINT WARNING * * *
Unknown command.
You slash Gastronok!
Gastronok is severely wounded.
Gastronok chants a spell, wobbling all the while.
Unknown command.
You slice Gastronok!!
Gastronok is almost dead.
The bat barely misses you.
You slash Gastronok!
Gastronok is almost dead.
You hit the bat.
You kill the bat!
The bat's corpse disappears in a puff of smoke!
You block Gastronok's attack.
Unknown command.
You are confused.
You feel invigorated.
Gastronok sloshes about.
Gastronok bites you!!
You die...

#.∩.#...# .#
.#.#....# ..##
.w#.....# ...#
#.......# ...#
........# ...#
........# #...###
#.....<####.......
#.........?.......
#........w@$......
#........§........
#..........§.....#
#..#.####.######.#
....## ### # .#. #


You could see Gastronok.

Vanquished Creatures
  A two-headed ogre (D:10)
  A black mamba (Lair:1)
  3 kobold demonologists
  2 hornets
  Prince Ribbit (D:5)
  Grinder (D:3)
  Sigmund (D:5)
  A wraith (D:10)
  A shadow (D:11)
  Eustachio (D:4)
  2 yaks (D:9)
  3 wyverns
  Menkaure (D:3)
  2 steam dragons
  2 acid dragons
  A water moccasin (D:6)
  An orc warrior (D:7)
  An ice beast (D:5)
  A black bear (D:6)
  7 centaurs
  A phantom (D:5)
  2 kobold brigands (D:9)
  A scorpion (D:5)
  5 bullfrogs
  4 wights (D:7)
  A necrophage (D:4)
  A troll zombie (D:11)
  14 killer bees
  3 electric eels (D:10)
  A howler monkey (D:7)
  A hound (D:7)
  8 orc priests
  3 jellies
  Natasha (thrice) (D:4)
  4 iguanas
  Ijyb (D:4)
  7 orc wizards
  4 ogre zombies (D:11)
  7 adders
  3 white imps
  2 worms (D:2)
  3 dart slugs
  31 orcs
  5 bats
  4 endoplasms
  3 giant cockroaches
  3 goblins
  7 hobgoblins
  4 quokkas
  8 ball pythons
  4 frilled lizards
  2 hobgoblin zombies (D:11)
  19 kobolds
  2 orc skeletons (D:11)
  11 orc zombies (D:11)
  6 rats
222 creatures vanquished.

Vanquished Creatures (collateral kills)
  A wraith (D:11)
  A yak (D:9)
  An acid dragon (D:9)
  2 electric eels (D:10)
  3 ogre zombies (D:11)
  An orc (D:8)
  A hobgoblin skeleton (D:11)
  2 hobgoblin zombies (D:11)
  An orc skeleton (D:11)
  6 orc zombies (D:11)
19 creatures vanquished.

Vanquished Creatures (others)
  3 orc priests
  2 orc wizards
  5 orcs
  18 plants (D:10)
  4 toadstools (D:1)
32 creatures vanquished.

Grand Total: 273 creatures vanquished

Notes
Turn   | Place    | Note
-------+----------+-------------------------------------------
     0 | D:1      | bande the Hill Orc Fighter began the quest for the Orb.
     0 | D:1      | Reached XP level 1. HP: 19/19 MP: 1/1
    72 | D:1      | Reached XP level 2. HP: 7/27 MP: 2/2
   531 | D:1      | Reached skill level 3 in Axes
   771 | D:1      | Reached XP level 3. HP: 33/33 MP: 3/3
  1579 | D:2      | Reached skill level 4 in Axes
  1579 | D:2      | Reached XP level 4. HP: 30/40 MP: 4/4
  2218 | D:3      | Found a faded altar of an unknown god.
  2802 | D:3      | Found an opulent altar of Gozag.
  2854 | D:3      | Noticed Grinder
  2861 | D:3      | Paralysed by Grinder for 3 turns
  2868 | D:3      | Paralysed by Grinder for 2 turns
  2871 | D:3      | Killed Grinder
  2872 | D:3      | Reached skill level 6 in Axes
  2872 | D:3      | Reached skill level 5 in Armour
  2872 | D:3      | Reached XP level 5. HP: 9/47 MP: 5/5
  2872 | D:3      | Reached XP level 6. HP: 10/53 MP: 6/6
  3406 | D:3      | Found a bloodstained altar of Trog.
  3509 | D:4      | Noticed Menkaure
  3564 | D:3      | Killed Menkaure
  3565 | D:3      | Reached XP level 7. HP: 35/60 MP: 7/7
  3832 | D:4      | Became a worshipper of Beogh the Brigand
  3913 | D:4      | Noticed Natasha
  3919 | D:4      | Killed Natasha
  3920 | D:4      | Reached skill level 7 in Axes
  3998 | D:4      | Noticed Ijyb
  4007 | D:4      | Killed Ijyb
  4089 | D:4      | Reached skill level 1 in Evocations
  4185 | D:4      | Found a glowing golden altar of the Shining One.
  4185 | D:4      | Found a hide-covered altar of Uskayaw.
  4218 | D:4      | Noticed Natasha
  4224 | D:4      | Killed Natasha
  4225 | D:4      | Reached skill level 5 in Fighting
  4229 | D:4      | Noticed Natasha
  4234 | D:4      | Killed Natasha
  4294 | D:4      | Noticed Eustachio
  4335 | D:4      | Killed Eustachio
  4336 | D:4      | Reached skill level 8 in Axes
  4336 | D:4      | Reached skill level 1 in Invocations
  4336 | D:4      | Reached XP level 8. HP: 49/68 MP: 4/9
  4585 | D:5      | Entered Level 5 of the Dungeon
  4665 | D:5      | Noticed Prince Ribbit
  4687 | D:5      | Killed Prince Ribbit
  4990 | D:5      | Noticed Sigmund
  5001 | D:5      | Killed Sigmund
  5001 | D:5      | Reached * piety under Beogh
  5641 | D:5      | Reached skill level 9 in Axes
  5805 | D:5      | Found a white marble altar of Elyvilon.
  6090 | D:6      | Found Nowewig's Antique Weapon Shoppe.
  6189 | D:6      | Reached XP level 9. HP: 74/74 MP: 11/11
  6294 | D:6      | Found a shimmering altar of Xom.
  6359 | D:6      | Found Meiheb's Book Shoppe.
  6386 | D:6      | You are sucked into a shaft and drop 3 floors!
  6563 | D:9      | Reached skill level 10 in Axes
  7098 | D:8      | Found a transporter.
  7098 | D:8      | Found a transporter.
  7386 | D:7      | Reached ** piety under Beogh
  8087 | D:7      | Reached skill level 5 in Invocations
  8396 | D:7      | Found a shimmering blue altar of Sif Muna.
  8503 | D:6      | Reached skill level 5 in Shields
  8744 | D:6      | Identified the +0 leather armour "Refoiw" {Dex+3}
  9038 | D:6      | Reached skill level 11 in Axes
  9799 | D:7      | Reached XP level 10. HP: 74/84 MP: 11/14
 10310 | D:7      | Found a staircase to the Ecumenical Temple.
 10637 | D:8      | Reached *** piety under Beogh
 10990 | D:8      | Found a roughly hewn altar of Beogh.
 11185 | D:9      | Reached skill level 5 in Evocations
 11493 | D:9      | Identified the +0 robe "Edinneem" {Fly rC+ Str+2 Int-3}
 11572 | D:8      | Paralysed by a hornet for 3 turns
 11822 | D:9      | Reached skill level 12 in Axes
 12017 | D:9      | Identified the ring of Isoat {rCorr SInv}
 12295 | D:10     | Entered Level 10 of the Dungeon
 12308 | D:10     | Identified the +5 scale mail of Sicooxuleu {rPois rC+ rCorr
                  | Int-3}
 12986 | D:10     | Noticed a two-headed ogre
 13006 | D:10     | Killed a two-headed ogre
 13546 | D:10     | Found a runed translucent gate.
 13547 | D:10     | Found a runed translucent gate.
 13547 | D:10     | Found a runed translucent gate.
 13548 | D:10     | Found an opulent altar of Gozag.
 13549 | D:10     | Found Neptunep's Assorted Antiques.
 13549 | D:10     | Noticed a deep troll earth mage
 13550 | D:10     | Noticed a two-headed ogre
 13551 | D:10     | Noticed Redcow54321's ghost (journeyman TrFi)
 13551 | D:10     | Noticed a cyclops
 13863 | D:10     | Paralysed by a hornet for 3 turns
 13977 | D:10     | Noticed a kobold demonologist
 13978 | D:10     | Noticed a kobold demonologist
 13978 | D:10     | Noticed a kobold demonologist
 13994 | D:10     | Noticed a rust devil
 13996 | D:10     | Noticed a smoke demon
 13998 | D:10     | Noticed a sun demon
 14106 | D:10     | Noticed a smoke demon
 14106 | D:10     | Noticed a smoke demon
 14112 | D:9      | Noticed an orange demon
 14113 | D:9      | Killed a kobold demonologist
 14114 | D:9      | Reached XP level 11. HP: 81/92 MP: 14/16
 14611 | D:11     | Gained Bogwald as an ally
 14644 | D:11     | Found a staircase to the Orcish Mines.
 14647 | D:11     | Reached **** piety under Beogh
 15008 | D:11     | Your ally Bogwald died
 15016 | D:11     | Found a staircase to the Lair.
 15035 | Lair:1   | Entered Level 1 of the Lair of Beasts
 15035 | Lair:1   | Noticed Gastronok
 15035 | Lair:1   | Found a frozen archway.
 15064 | Lair:1   | Slain by Gastronok

Illustrated notes

Levels and vault maps discovered:
D:1:      ldierk_walled_garden_2, layout_rooms
D:2:      layout_basic, minmay_bisected
D:3:      wander_river, layout_loops_ring, mainiacjoe_overflow_big_doors,
          basic_ecumenical_altar, uniq_grinder
D:4:      layout_cave_pools, gammafunk_temple_overflow_statue,
          hangedman_abyss_or_decor_stabs, minmay_misc_feat_iff, uniq_ijyb,
          uniq_menkaure, uniq_eustachio, uniq_natasha
D:5:      layout_basic, mainiacjoe_overflow_catwalk, uniq_sigmund,
          uniq_prince_ribbit1
D:6:      layout_basic, xom_teletrap_fun, serial_shops, shop, shop
D:7:      layout_gridville, mainiacjoe_overflow_concentric_impassable,
          minmay_temple_entry_nine_rooms, minmay_misc_feat_columns
D:8:      gammafunk_beogh_shrine, layout_cave_pools
D:9:      layout_long_grid
D:10:     layout_basic, ebering_ghost_gozag, serial_bayou, serial_bayou_pond_c,
          serial_bayou_shore_a, serial_bayou_lake_a, serial_bayou_pond_a
D:11:     layout_basic, lair_entry_dummy, zombieorc2_lemuel, nrook_mini_vaults,
          item_on_display_a, uniq_lodul
Lair:1:   layout_chaotic_city, basic_altar, portal_ice_cave_entry_pillars_2,
          gammafunk_ghost_arena, lightli_volcano_entry_magma_tube,
          serial_bayou_crossing, uniq_gastronok

Skill      XL: |  1  2  3  4  5  6  7  8  9 10 11 |
---------------+----------------------------------+-----
Axes           | 3 4 6 8 9 11 12 | 12.9
Fighting       | 4 5 6 7 |  7.9
Armour         | 4 5 6 7 8 9 |  9.7
Evocations     | 1 3 4 5 6 |  6.1
Shields        | 4 5 6 |  6.1
Invocations    | 1 3 5 7 8 |  8.0

Action                   |  1- 3 |  4- 6 |  7- 9 | 10-12 || total
-------------------------+-------+-------+-------+-------++-------
Melee: War axe           |   109 |    74 |   253 |   202 ||   638
Invok: Convert to Beogh  |       |       |     1 |       ||     1
  Use: Scroll            |       |    11 |     6 |     5 ||    22
       Potion            |       |       |     3 |     3 ||     6
Armor: Scale mail        |    66 |    34 |    86 |    67 ||   253
       Chain mail        |       |       |    72 |    48 ||   120
Dodge: Dodged            |    65 |    27 |   110 |    62 ||   264
Block: Buckler           |    22 |     8 |    84 |    17 ||   131
       Kite shield       |       |       |       |    73 ||    73

Table legend: (Time is in decaauts)
 A = Elapsed time spent in this place.
 B = Non-inter-level travel time spent in this place.
 C = Inter-level travel time spent in this place.
 D = Time resting spent in this place.
 E = Time spent auto-exploring this place.
 F = Levels seen in this place.
 G = Mean time per level.
                   A        B        C        D        E       F      G
               +--------+--------+--------+--------+--------+-----+--------+
         Total |  15189 |  15022 |    167 |   6340 |   6152 |  12 | 1265.8 |
       Dungeon |  15151 |  14984 |    167 |   6340 |   6152 |  11 | 1377.4 |
          Lair |     37 |     37 |      0 |      0 |      0 |   1 |   37.0 |
               +--------+--------+--------+--------+--------+-----+--------+

Top non-repeatable levels by time:
    D:10: 1981 daAuts
     D:7: 1890 daAuts
     D:9: 1839 daAuts
     D:6: 1759 daAuts
     D:3: 1603 daAuts
     D:2: 1400 daAuts
     D:5: 1367 daAuts
     D:8: 1202 daAuts
     D:1: 838 daAuts
     D:4: 818 daAuts
    D:11: 449 daAuts
  Lair:1: 37 daAuts
